 Dungeon Crawl Stone Soup version 0.31.0-11-ge490571c62 (webtiles) character file.

Game seed: 6056256627646246534

556 qw the Shooter (level 7, -5/35 HPs)
             Began as a Spriggan Hunter on Feb 4, 2024.
             Slain by a lemure (6 damage)
             ... led by Pikel
             ... on level 5 of the Dungeon.
             The game lasted 00:00:18 (3248 turns).

qw the Shooter (Spriggan Hunter)                    Turns: 3248, Time: 00:00:19

Health: -5/35      AC:  3    Str:  7    XL:     7   Next: 8%
Magic:  8/8        EV: 21    Int: 11    God:
Gold:   2          SH:  5    Dex: 20    Spells: 6/6 levels left

rFire   . . .        a - +0 shortbow
rCold   . . .        (shield currently unavailable)
rNeg    . . .        c - +0 robe
rPois   .            (helmet restricted)
rElec   .            e - +0 cloak
rCorr   .            (gloves unavailable)
SInv    +            (boots unavailable)
Will    +....        h - amulet of reflection
Stlth   ++           (no ring)
HPRegen 0.25/turn    (no ring)
MPRegen 0.11/turn

%: reflection
@: very quick
A: very small, no large weapons, unfitting armour, see invisible, speed 3
a: no special abilities


You were on level 5 of the Dungeon.
You visited 1 branch of the dungeon, and saw 5 of its levels.

You collected 163 gold pieces.
You spent 161 gold pieces at shops.


Innate Abilities, Weirdness & Mutations

You are very small and have problems with some larger weapons.
You are too small for most types of armour.
You have supernaturally acute eyesight. (SInv)
You cover ground extremely quickly. (Speed+++)


   Skills:
 - Level 2.1 Fighting
 - Level 7.0 Ranged Weapons
 + Level 6.5 Dodging
 - Level 1.5 Stealth


You had 6 spell levels left.
You didn't know any spells.
Your spell library was empty.

Inventory:

Hand Weapons
 a - a +0 shortbow (weapon)
Armour
 c - a +0 robe (worn)
 e - a +0 cloak (worn)
Jewellery
 h - an amulet of reflection (around neck)
Wands
 g - a wand of polymorph (5)
 j - a wand of flame (13)
Potions
 b - 2 potions of curing
 i - a potion of enlightenment

Dungeon Overview and Level Annotations

Branches:
Dungeon (5/15)
 Temple: D:4-7

Altars:

Shops:
D:3 :*[*   D:4 ?

Annotations:
D:3 2 transporters


Message History

The lemure barely misses you. x2
You shoot an arrow. The arrow hits the lemure!
You kill the lemure!
That felt strangely unrewarding.
The lemure completely misses you.
You shoot an arrow. The arrow barely misses the lemure.
The lemure barely misses you.
You shoot an arrow. The arrow hits the lemure.
The lemure is lightly wounded.
The lemure misses you.
You shoot an arrow. The arrow closely misses the lemure.
The lemure misses you.
You shoot an arrow. The arrow hits the lemure.
The lemure is moderately wounded.
The lemure closely misses you.
You shoot an arrow. The arrow hits the lemure!
The lemure is heavily wounded.
The lemure hits you.
You shoot an arrow. The arrow closely misses the lemure.
The lemure hits you but does no damage.
You shoot an arrow. The arrow hits the lemure.
The lemure is almost dead.
The lemure closely misses you.
You shoot an arrow.
The arrow hits the lemure but does no damage.
The lemure is severely wounded.
The lemure hits you!
You shoot an arrow.
The arrow hits the lemure but does no damage.
The lemure is severely wounded.
The lemure completely misses you.
You shoot an arrow. The arrow barely misses the lemure.
The lemure hits you.
You shoot an arrow. The arrow barely misses the lemure.
The lemure hits you.
You shoot an arrow.
The arrow hits the lemure but does no damage.
The lemure is severely wounded.
The lemure hits you.
You die...

##........##
##........##
#..........#
#.......<..#
#!.........#
#..........###
#.............
####.....5..##...
..........@## ###
#..#....##...#
##.#..5.####.....
#...../# #####
###.)..# ......#
.......#
.....5..#
5.......#


You could see a lemure.

Vanquished Creatures
  A black bear (D:4)
  2 lemures (D:5)
  A bombardier beetle (D:4)
  2 jellies (D:4)
  A hound (D:4)
  An iguana (D:4)
  Natasha (thrice) (D:4)
  An orc wizard (D:4)
  A hound zombie (D:4)
  2 hound skeletons (D:4)
  A howler monkey zombie (D:4)
  4 adders
  3 gnolls (D:4)
  A howler monkey simulacrum (D:4)
  An adder zombie (D:4)
  2 dart slugs (D:1)
  4 ribbon worms
  8 orcs
  4 endoplasms
  5 giant cockroaches
  4 goblins
  8 hobgoblins
  5 jackals
  5 kobolds
  4 quokkas
  7 ball pythons
  7 bats
  A frilled lizard (D:1)
  6 rats
95 creatures vanquished.

Notes
Turn   | Place    | Note
-------+----------+-------------------------------------------
     0 | D:1      | qw the Spriggan Hunter began the quest for the Orb.
     0 | D:1      | Reached XP level 1. HP: 10/10 MP: 2/2
     0 | D:1      | 0 ||| qw: Version: 0.3-a-160-g6735b56
     0 | D:1      | 0 ||| qw: Game counter: 4682
     0 | D:1      | 0 ||| qw: Melee chars always use a shield: true
     0 | D:1      | 0 ||| qw: God list: Okawaru
     0 | D:1      | 0 ||| qw: Allow faded altars: false
     0 | D:1      | 0 ||| qw: Do Orc after clearing Dungeon:15 true
     0 | D:1      | 0 ||| qw: Do second Lair branch before Depths: true
     0 | D:1      | 0 ||| qw: Lair rune preference: random
     0 | D:1      | 0 ||| qw: Goals: Normal
     0 | D:1      | 0 ||| PLANNING D:1-11
    84 | D:1      | Reached skill level 3 in Dodging
   150 | D:1      | Reached XP level 2. HP: 14/14 MP: 3/3
   616 | D:1      | Reached XP level 3. HP: 18/18 MP: 4/4
   620 | D:1      | Found a faded altar of an unknown god.
   885 | D:1      | 885 ||| UPGRADING to +0 cloak.
   890 | D:1      | 890 ||| READING 2 scrolls labelled XEOCSOSETI.
   893 | D:1      | 893 ||| READING scroll labelled HOHIUFE KIYRAZ.
   894 | D:1      | 894 ||| READING scroll labelled RUIBRAPUOR.
   895 | D:1      | 895 ||| DROPPING scroll of butterflies.
   897 | D:1      | 897 ||| Stepping ~*~*~tactically~*~*~ (cloud).
  1183 | D:2      | HP: 2/18 [ribbon worm (4)]
  1184 | D:2      | 1184 ||| READING 2 scrolls of teleportation.
  1472 | D:2      | Reached skill level 5 in Ranged Weapons
  1646 | D:2      | 1646 ||| READING 3 scrolls labelled WIRACU DUTE.
  1646 | D:2      | 1646 ||| IDENTIFYING viscous blue potion
  1647 | D:2      | 1647 ||| READING 2 scrolls of identify.
  1647 | D:2      | 1647 ||| IDENTIFYING green potion
  1648 | D:2      | 1648 ||| READING scroll of identify.
  1648 | D:2      | 1648 ||| IDENTIFYING pink potion
  1649 | D:2      | 1649 ||| READING scroll labelled TUUCRI WYAXO.
  1650 | D:2      | 1650 ||| DRINKING 2 fizzy orange potions.
  1651 | D:2      | 1651 ||| FLEEEEING.
  1652 | D:2      | 1652 ||| FLEEEEING.
  1653 | D:2      | 1653 ||| FLEEEEING.
  1654 | D:2      | 1654 ||| FLEEEEING.
  1655 | D:2      | 1655 ||| FLEEEEING.
  1656 | D:2      | 1656 ||| FLEEEEING.
  1657 | D:2      | 1657 ||| FLEEEEING.
  1658 | D:2      | 1658 ||| FLEEEEING.
  1659 | D:2      | 1659 ||| FLEEEEING.
  1660 | D:2      | 1660 ||| FLEEEEING.
  1661 | D:2      | 1661 ||| FLEEEEING.
  1662 | D:2      | 1662 ||| FLEEEEING.
  1663 | D:2      | 1663 ||| FLEEEEING.
  1664 | D:2      | 1664 ||| FLEEEEING.
  1665 | D:2      | 1665 ||| FLEEEEING.
  1666 | D:2      | 1666 ||| FLEEEEING.
  1667 | D:2      | 1667 ||| FLEEEEING.
  1668 | D:2      | 1668 ||| FLEEEEING.
  1669 | D:2      | 1669 ||| FLEEEEING.
  1670 | D:2      | 1670 ||| FLEEEEING.
  1671 | D:2      | 1671 ||| FLEEEEING.
  1672 | D:2      | 1672 ||| FLEEEEING.
  1673 | D:2      | 1673 ||| FLEEEEING.
  1674 | D:2      | 1674 ||| STAIRDANCE
  1776 | D:1      | 1776 ||| DROPPING potion of brilliance.
  1777 | D:1      | 1777 ||| DROPPING potion of invisibility.
  1778 | D:1      | 1778 ||| DROPPING potion of berserk rage.
  1802 | D:3      | Reached XP level 4. HP: 22/22 MP: 5/5
  1879 | D:3      | Found Feun's Assorted Antiques.
  1889 | D:3      | 1889 ||| BUYING dented blue amulet (115 gold).
  1889 | D:3      | Bought a dented blue amulet for 115 gold pieces
  1889 | D:3      | 1889 ||| SHOPLISTING fizzy emerald potion (20 gold, have
                  | 18).
  1889 | D:3      | 1889 ||| SHOPLISTING runed moonstone ring (115 gold, have
                  | 18).
  1889 | D:3      | 1889 ||| SHOPLISTING sapphire ring (115 gold, have 18).
  1889 | D:3      | 1889 ||| SHOPLISTING scroll labelled WAEXTO LILOFF (23
                  | gold, have 18).
  1889 | D:3      | 1889 ||| SHOPLISTING scroll of identify (46 gold, have 18).
  1975 | D:3      | Noticed a small abomination
  1980 | D:3      | Found Feaniar's Book Emporium.
  1995 | D:3      | You fall into a shaft and drop 2 floors!
  1995 | D:5      | Entered Level 5 of the Dungeon
  1996 | D:5      | 1996 ||| UPGRADING to amulet of reflection.
  2001 | D:5      | 2001 ||| READING scroll of identify.
  2001 | D:5      | 2001 ||| IDENTIFYING glowing inky potion
  2002 | D:5      | 2002 ||| READING 3 scrolls labelled WAEXTO LILOFF.
  2003 | D:5      | 2003 ||| DROPPING 2 scrolls of fog.
  2004 | D:5      | 2004 ||| DROPPING potion of ambrosia.
  2027 | D:4      | Reached XP level 5. HP: 26/26 MP: 6/6
  2068 | D:4      | Noticed Natasha
  2070 | D:4      | 2070 ||| RETREEEEATING.
  2071 | D:4      | 2071 ||| RETREEEEATING.
  2075 | D:4      | 2075 ||| RETREEEEATING.
  2077 | D:4      | 2077 ||| RETREEEEATING.
  2085 | D:4      | Killed Natasha
  2096 | D:4      | Reached skill level 6 in Ranged Weapons
  2096 | D:4      | Reached XP level 6. HP: 15/30 MP: 7/7
  2166 | D:4      | Identified the +0 dagger "Yxuahis" {pain, rC- rN+ rCorr
                  | Stlth+}
  2262 | D:4      | Noticed Natasha
  2268 | D:4      | Killed Natasha
  2269 | D:4      | Reached skill level 6 in Dodging
  2330 | D:4      | Noticed Natasha
  2333 | D:4      | Killed Natasha
  2410 | D:3      | Found Laingum's Antique Armour Boutique.
  2442 | D:3      | Found Bosu's General Store.
  2446 | D:3      | 2446 ||| SHOPLISTING 3 scrolls of identify (60 gold, have
                  | 36).
  2446 | D:3      | 2446 ||| SHOPLISTING potion of haste (100 gold, have 36).
  2446 | D:3      | 2446 ||| SHOPLISTING potion of mutation (80 gold, have 36).
  2446 | D:3      | 2446 ||| BUYING scroll of identify (20 gold).
  2446 | D:3      | Bought a scroll of identify for 20 gold pieces
  2546 | D:3      | Found a transporter.
  2547 | D:3      | Noticed a toenail golem
  2790 | D:3      | Found a transporter.
  2865 | D:3      | 2865 ||| READING 2 scrolls of identify.
  2865 | D:3      | 2865 ||| IDENTIFYING golden potion
  2866 | D:3      | 2866 ||| READING scroll of identify.
  2866 | D:3      | 2866 ||| IDENTIFYING sapphire potion
  2867 | D:3      | 2867 ||| READING scroll labelled NAGGEU PIXTI.
  2935 | D:4      | Found Nopuseilob's Magic Scroll Boutique.
  2956 | D:4      | Reached skill level 7 in Ranged Weapons
  2956 | D:4      | Reached XP level 7. HP: 29/35 MP: 8/8
  2969 | D:4      | HP: 7/35 [goblin/+0 dagger (2)]
  2970 | D:4      | 2970 ||| READING scroll of teleportation.
  2971 | D:4      | 2971 ||| DRINKING potion of heal wounds.
  3032 | D:4      | 3032 ||| BUYING scroll of identify (26 gold).
  3032 | D:4      | Bought a scroll of identify for 26 gold pieces
  3032 | D:4      | 3032 ||| SHOPLISTING scroll of identify (26 gold, have 2).
  3032 | D:4      | 3032 ||| SHOPLISTING scroll of teleportation (39 gold, have
                  | 2).
  3159 | D:4      | 3159 ||| READING scroll of identify.
  3159 | D:4      | 3159 ||| IDENTIFYING scroll labelled UFIJICRIOWK
  3160 | D:4      | 3160 ||| DROPPING scroll of blinking.
  3206 | D:5      | 3206 ||| RETREEEEATING.
  3210 | D:5      | 3210 ||| RETREEEEATING.
  3212 | D:5      | 3212 ||| RETREEEEATING.
  3218 | D:5      | 3218 ||| RETREEEEATING.
  3246 | D:5      | HP: 6/35 [lemure[Pikel] (6)]
  3247 | D:5      | HP: 1/35 [lemure[Pikel] (5)]
  3248 | D:5      | Slain by a lemure

Levels and vault maps discovered:
D:1:      saegor_arrival_simple_b, layout_loops_corners,
          dilly_ecumenical_altar_fadedgnrine, minmay_misc_feat_rows,
          minmay_bisected
D:2:      layout_basic, serial_curves, eino_curves_03, eino_curves_01,
          minmay_door_square, chequers_serial_rivers_micro_b
D:3:      layout_basic, gammafunk_ghost_abyssal_escape, serial_shops,
          nicolae_shop_stone, shop, shop, nicolae_shop_overgrown_old_shop
D:4:      layout_rooms, serial_shops, shop, dilly_guarded_unrand_morg
D:5:      layout_rooms, ebering_ghost_reflecting_pool, minivault_24, uniq_pikel

Skill      XL: |  1  2  3  4  5  6 |
---------------+-------------------+-----
Dodging        | 3 4 5 6 |  6.5
Ranged Weapons | 5 6 7 |  7.0
Fighting       | 2 |  2.1
Stealth        | |  1.5

Action                     |  1- 3 |  4- 6 |  7- 9 || total
---------------------------+-------+-------+-------++-------
   Fire: Shortbow          |   113 |   201 |    64 ||   378
    Use: Scroll            |     8 |     5 |     2 ||    15
         Potion            |     1 |       |     1 ||     2
 Armour: Robe              |    13 |    20 |    23 ||    56
  Dodge: Dodged            |    25 |    94 |    68 ||   187
  Block: Other             |       |    16 |    11 ||    27

Table legend:
 A = Non-vault XP
 B = Vault XP
 C = Vault XP percentage of total XP
 D = Non-vault monster count
 E = Vault monster count
 F = Vault count percentage of total count
                 A         B        C        D         E       F
            +---------+---------+-------+---------+---------+-------
      Total |     667 |     128 |  16.1 |      84 |       9 |   9.7
            +---------+---------+-------+---------+---------+-------
        D:1 |      42 |       3 |   6.7 |      20 |       2 |   9.1
        D:2 |      50 |       0 |   0.0 |      20 |       0 |   0.0
        D:3 |      64 |       0 |   0.0 |      19 |       0 |   0.0
        D:4 |     511 |     125 |  19.7 |      25 |       7 |  21.9
            +---------+---------+-------+---------+---------+-------
